 Dungeon Crawl Stone Soup version 0.30.0-5-g1a98f26d00 (webtiles) character file.

Game seed: 16233927879503717842

137129 howech the Warrior (level 16, -10/149 HPs)
             Began as a Minotaur Gladiator on May 9, 2023.
             Was the Champion of Cheibriados.
             Mangled by a demonic crawler (14 damage)
             ... on level 4 of the Spider Nest on May 10, 2023.
             The game lasted 02:20:50 (30881 turns).

howech the Warrior (Minotaur Gladiator)            Turns: 30881, Time: 02:20:51

Health: -10/149    AC: 18    Str: 38    XL:     16   Next: 68%
Magic:  23/23      EV: 25    Int: 26    God:    Cheibriados [******]
Gold:   2865       SH:  5    Dex: 30    Spells: 14/22 levels left

rFire   . . .        I - +9 flail of Focus {venom, Str+2 Dex+3}
rCold   . . .        (no shield)
rNeg    . . .        J - +2 steam dragon scales
rPois   +            c - +2 hat
rElec   .            (no cloak)
rCorr   .            r - +2 pair of gloves
SInv    +            i - +2 pair of boots
Will    +....        h - amulet of reflection
Stlth   +            G - ring of see invisible
HPRegen 0.44/turn    v - ring of poison resistance
MPRegen 0.18/turn

%: reflection
@: studying Necromancy, very slow
A: horns 2, retaliatory headbutt
a: Renounce Religion, Bend Time, Temporal Distortion, Slouch, Step From Time


You were on level 4 of the Spider Nest.
You worshipped Cheibriados.
Cheibriados was exalted by your worship.
You visited 5 branches of the dungeon, and saw 24 of its levels.
You also visited: Sewer and Bailey.

You collected 2871 gold pieces.
You spent 6 gold pieces at shops.

Inventory:

Hand Weapons
 z - a +3 spectral quarterstaff
 F - the +7 hand axe "Vugaext" {venom, +Blink rElec}
   (You found it on level 2 of the Lair of Beasts)

   rElec:     It insulates you from electricity.
   +Blink:    It lets you blink.
 I - the +9 flail of Focus (weapon) {venom, Str+2 Dex+3}
   (You found it on level 3 of the Lair of Beasts)

   Str:       It affects your strength (+2).
   Dex:       It affects your dexterity (+3).
Missiles
 e - 10 javelins
 j - 82 poisoned darts
 l - 5 atropa-tipped darts
 C - 4 boomerangs (quivered)
 V - 4 throwing nets
Armour
 c - a +2 hat (worn)
 i - a +2 pair of boots (worn)
 r - a +2 pair of gloves (worn)
 J - +2 steam dragon scales (worn)
 X - a +2 scale mail of fire resistance
Jewellery
 h - an amulet of reflection (around neck)
 q - a +6 ring of intelligence
 v - a ring of poison resistance (right hand)
 x - a +5 ring of evasion
 G - a ring of see invisible (left hand)
 N - the ring of Nohiufit {Fly Int+4 Dex+3}
   (You found it on level 4 of the Lair of Beasts)

   [ring of flight]

   Int:       It affects your intelligence (+4).
   Dex:       It affects your dexterity (+3).
   Fly:       It grants you flight.
 U - a +4 ring of protection
 Z - a ring of magical power
Wands
 k - a wand of flame (45)
 A - a wand of charming (8)
 B - a wand of roots (22)
 Q - a wand of digging (19)
Scrolls
 g - 5 scrolls of fear
 p - 7 scrolls of teleportation
 s - 3 scrolls of identify
 t - 2 scrolls of fog
 y - 2 scrolls of magic mapping
 D - 2 scrolls of amnesia
 M - a scroll of enchant weapon
 O - a scroll of summoning
 Y - a scroll of blinking
Potions
 f - 2 potions of magic
 o - 6 potions of brilliance
 u - 3 potions of berserk rage
 w - 9 potions of flight
 H - 7 potions of curing
 K - 2 potions of might
 L - 3 potions of resistance
 P - a potion of cancellation
 R - 3 potions of mutation
 S - a potion of invisibility
 T - a potion of ambrosia
 W - 2 potions of lignification
Miscellaneous
 a - a phial of floods
 m - a phantom mirror
 E - a lightning rod (4/4)


   Skills:
 * Level 15.1 Fighting
 + Level 9.5(11.1) Axes
 + Level 9.0(13.8) Maces & Flails
 - Level 14.0(15.0) Staves
 - Level 5.0 Throwing
 + Level 12.3 Armour
 + Level 11.7 Dodging
 + Level 3.5 Spellcasting
 + Level 2.0 Conjurations
 - Level 3.3 Hexes
 - Level 3.8 Ice Magic
 + Level 2.3 Earth Magic
 + Level 10.8 Invocations
 + Level 10.4 Evocations


You had 14 spell levels left.
You knew the following spells:

 Your Spells              Type           Power      Damage    Failure   Level
a - Ensorcelled Hibernat  Hex/Ice        46%        N/A       3%          2
b - Iron Shot             Conj/Erth      8%         9d3       99%         6

Your spell library contained the following spells:

 Spells                   Type           Power      Damage    Failure   Level
 Magic Dart               Conj           60%        1d6       3%          1
 Necrotise                Necr           16%        1d4       9%          1
 Call Imp                 Summ           8%         N/A       14%         2
 Cigotuvi's Dreadful Rot  Necr/Pois/Air  8%         N/A       14%         2
 Sublimation of Blood     Necr           4%         N/A       14%         2
 Mephitic Cloud           Conj/Pois/Air  8%         N/A       21%         3
 Ignite Poison            Fire/Tmut/Pois 4%         N/A       26%         3
 Spider Form              Tmut/Pois      4%         N/A       26%         3
 Vampiric Draining        Necr           4%         2d6       26%         3
 Anguish                  Hex/Necr       6%         N/A       41%         4
 Animate Armour           Summ/Erth      20%        N/A       50%         4
 Petrify                  Tmut/Erth      10%        N/A       50%         4
 Metabolic Englaciation   Hex/Ice        11%        N/A       50%         5
 Dispel Undead            Necr           4%         3d7       65%         4
 Summon Lightning Spire   Summ/Air       4%         N/A       65%         4
 Freezing Cloud           Conj/Ice/Air   7%         6-21      73%         5
 Summon Mana Viper        Hex/Summ       13%        N/A       77%         5
 Irradiate                Conj/Tmut      4%         3d13      85%         5
 Agony                    Necr           4%         N/A       94%         5
 Blade Hands              Tmut           2%         N/A       94%         5
 Summon Forest            Summ/Tloc      2%         N/A       94%         5
 Conjure Ball Lightning   Conj/Air       4%         3x3d6     100%        6
 Death Channel            Necr           2%         N/A       100%        6
 Statue Form              Tmut/Erth      6%         N/A       100%        6
 Summon Cactus Giant      Summ           2%         N/A       100%        6


Dungeon Overview and Level Annotations

Branches:
Dungeon (13/15)            Temple (1/1) D:4            Lair (5/5) D:8
 Shoals (1/4) Lair:2       Spider (4/4) Lair:3        Slime (0/5) Lair:5
    Orc (0/2) D:9          Vaults (0/5) D:13          Sewer (visited)
 Bailey (visited)

Altars:
Ashenzari
Cheibriados
Dithmenos
Elyvilon
Fedhas
Gozag
Hepliaklqana
Kikubaaqudgha
Makhleb
Nemelex Xobeh
Okawaru
Qazlal
Ru
Sif Muna
Trog
Uskayaw
Vehumet
Wu Jian
Xom
Yredelemnul
Zin
The Shining One
Jiyva

Shops:
D:5 *   D:9 *   D:10 (

Annotations:
D:5 1 runed translucent door, 2 transporters, bairyn's ghost, novice AtFi
D:7 1 runed translucent door
D:9 4 transporters
Shoals:1 3 runed translucent doors, Wano's ghost, adept DrTm


Innate Abilities, Weirdness & Mutations

You have a pair of horns on your head.
You reflexively headbutt those who attack you in melee.


Message History

The demonic crawler is lightly wounded.
The demonic crawler hits you but does no damage.
You block the demonic crawler's attack.
The demonic crawler completely misses you.
Unknown command.
Your unstable footing causes you to fumble your attack.
The demonic crawler completely misses you.
You furiously retaliate!
You headbutt the demonic crawler! The demonic crawler barely misses you.
The demonic crawler closely misses you.
Unknown command.
Your unstable footing causes you to fumble your attack.
The demonic crawler completely misses you.
The demonic crawler hits you but does no damage. x2
Unknown command.
You sock the demonic crawler! You punch the demonic crawler.
The demonic crawler is moderately wounded.
The demonic crawler completely misses you. x3
Unknown command.
Your unstable footing causes you to fumble your attack.
The demonic crawler hits you!
* * * LOW HITPOINT WARNING * * *
The demonic crawler closely misses you. The demonic crawler barely misses you.
Unknown command.
You bludgeon the demonic crawler!!
You headbutt the demonic crawler, but do no damage.
The demonic crawler is heavily wounded.
Unknown command.
Your unstable footing causes you to fumble your attack.
The demonic crawler completely misses you.
The demonic crawler hits you.
* * * LOW HITPOINT WARNING * * *
The demonic crawler completely misses you.
Unknown command.
You completely miss the demonic crawler.
The demonic crawler is heavily wounded.
The demonic crawler completely misses you.
The demonic crawler hits you!
* * * LOW HITPOINT WARNING * * *
The demonic crawler hits you!
You die...

....#### ...~#~~ ...~~~
.....## .~...# #~..###
#~^..## #††...##
####@††.~# ###########
#^.~s~~†~###
#.^.~##^.~###...###.^..##
~...†....?..##^## ##.^..#
..#......~...### ###...^#
.##~....##...#####~^..~##
####...~##...~##~^...~##
# ##...^.##...~...~### #
##..†####.....###


You could see a demonic crawler (poisoned).

Vanquished Creatures
  Arachne (Spider:3)
  3 ghost moths
  Aizul (Spider:3)
  2 emperor scorpions (Spider:4)
  A broodmother (Spider:1)
  A spark wasp (Spider:2)
  Snorg (Lair:4)
  2 merfolk impalers (Shoals:1)
  Harold (D:11)
  Josephine (D:13)
  5 vault guards (D:13)
  Fannar (D:12)
  3 hydras
  5 radroaches
  3 two-headed ogres
  A jorogumo (Spider:4)
  3 boulder beetles
  4 centaur warriors (D:13)
  10 death yaks
  Sonja (D:12)
  2 skysharks
  7 pharaoh ants
  Amaemon (D:11)
  3 sea snakes (Shoals:1)
  Pikel (D:9)
  10 orb spiders
  9 steelbarb worms
  9 harpies
  2 oklob plants
  An orc sorcerer (D:13)
  6 manticores
  19 wolf spiders
  An ugly thing (D:13)
  2 black mambas (Lair:5)
  A merfolk siren (Shoals:1)
  Maurice (D:9)
  Joseph (D:7)
  3 gargoyles
  3 moths of wrath
  14 demonic crawlers
  An orange demon (D:11)
  10 elephants
  7 torpor snails
  9 cane toads
  A water nymph (Shoals:1)
  Maggie (D:7)
  An unseen horror (D:11)
  A kobold demonologist (D:12)
  4 rime drakes
  11 komodo dragons
  A tengu conjurer (D:13)
  2 merfolk (Shoals:1)
  4 trolls
  5 polar bears
  12 meliai
  A wind drake (Shoals:1)
  7 hornets (Lair:5)
  14 blink frogs
  4 snapping turtles (Shoals:1)
  27 tarantellas
  22 jumping spiders
  4 shadows
  6 dream sheep (Lair:5)
  13 spriggans (Lair:5)
  A water elemental (Shoals:1)
  21 culicivoras
  9 slime creatures
  Sigmund (D:6)
  4 wyverns
  2 vampires
  6 wraiths
  28 yaks
  3 basilisks
  2 steam dragons (D:7)
  Eustachio (D:4)
  46 redbacks
  2 vampire mosquitoes (D:12)
  Menkaure (D:6)
  3 wargs
  2 acid dragons
  8 water moccasins
  6 black bears
  11 orc warriors
  An ice beast (D:6)
  A sky beast (D:7)
  31 wolves
  3 boggarts (Lair:5)
  An ogre (D:10)
  2 phantoms
  22 centaurs
  A lemure (D:9)
  10 bullfrogs
  12 kobold brigands
  3 scorpions
  4 gnoll sergeants
  4 wights (D:7)
  7 killer bees
  4 howler monkeys
  An electric eel (Lair:3)
  14 orc priests
  2 jellies
  2 sleepcaps
  Terence (D:3)
  8 orc wizards
  2 iguanas
  18 gnolls
  10 adders
  3 river rats (Sewer)
  2 shadow imps
  A white imp (D:8)
  An ufetubus (D:4)
  4 worms
  2 dart slugs
  59 orcs
  5 endoplasms
  7 giant cockroaches
  14 goblins
  5 hobgoblins
  7 jackals
  5 quokkas
  12 ball pythons
  19 bats
  5 frilled lizards
  36 kobolds
  12 rats
  A spectral weapon (Lair:3)
835 creatures vanquished.

Vanquished Creatures (others)
  A kobold (D:11)
1 creature vanquished.

Grand Total: 836 creatures vanquished

Notes
Turn   | Place    | Note
-------+----------+-------------------------------------------
     0 | D:1      | howech the Minotaur Gladiator began the quest for the Orb.
     0 | D:1      | Reached XP level 1. HP: 18/18 MP: 0/0
    80 | D:1      | Reached XP level 2. HP: 25/25 MP: 1/1
   346 | D:1      | Reached skill level 3 in Fighting
   448 | D:2      | Reached XP level 3. HP: 31/31 MP: 2/2
   515 | D:2      | Got the Enchiridion on the Sky
  1318 | D:3      | Reached XP level 4. HP: 38/38 MP: 3/3
  1401 | D:3      | You fall into a shaft and drop 1 floor!
  1412 | D:4      | Reached skill level 1 in Armour
  1534 | D:3      | Found a faded altar of an unknown god.
  1582 | D:3      | Noticed Terence
  1586 | D:3      | Killed Terence
  1962 | D:4      | Reached XP level 5. HP: 41/45 MP: 4/4
  2011 | D:4      | Found a staircase to the Ecumenical Temple.
  2017 | D:4      | Reached skill level 5 in Staves
  2038 | Temple   | Entered the Ecumenical Temple
  2065 | Temple   | Became a worshipper of Cheibriados the Contemplative
  2213 | D:4      | Noticed Eustachio
  2256 | D:4      | Killed Eustachio
  2257 | D:4      | Reached skill level 4 in Fighting
  2257 | D:4      | Reached XP level 6. HP: 37/52 MP: 5/5
  2645 | D:5      | Entered Level 5 of the Dungeon
  2687 | D:5      | Found a glowing silver altar of Zin.
  2692 | D:5      | Found an ornate altar of the Wu Jian Council.
  2697 | D:5      | Found an iron altar of Okawaru.
  2733 | D:5      | Found a radiant altar of Vehumet.
  2735 | D:5      | Noticed a water moccasin
  2744 | D:5      | Killed a water moccasin
  2750 | D:5      | Reached XP level 7. HP: 41/60 MP: 6/6
  2869 | D:5      | Noticed a human
  2893 | D:5      | Found a runed translucent door.
  2895 | D:5      | Found a basalt altar of Yredelemnul.
  2920 | D:5      | Found a transporter.
  2925 | D:5      | Noticed bairyn's ghost (novice AtFi)
  2995 | D:5      | Found a glowing drain.
  2999 | Sewer    | Entered a sewer
  3028 | Sewer    | Reached * piety under Cheibriados
  3303 | Sewer    | Reached ** piety under Cheibriados
  3666 | D:5      | Found a transporter.
  3681 | D:5      | Reached skill level 5 in Dodging
  3682 | D:5      | Found Daciuw's CLEARANCE SALE!.
  3709 | D:5      | Bought a scroll of identify for 6 gold pieces
  3929 | D:6      | Noticed Menkaure
  3938 | D:6      | Killed Menkaure
  3939 | D:6      | Reached skill level 5 in Fighting
  3944 | D:6      | Reached XP level 8. HP: 19/68 MP: 7/7
  4194 | D:6      | Noticed Sigmund
  4209 | D:6      | Killed Sigmund
  4210 | D:6      | Reached skill level 1 in Invocations
  4326 | D:6      | Reached skill level 1 in Evocations
  4726 | D:6      | Reached *** piety under Cheibriados
  4727 | D:6      | Reached skill level 5 in Armour
  5527 | D:7      | Reached skill level 5 in Throwing
  5536 | D:7      | Reached XP level 9. HP: 71/74 MP: 9/9
  5575 | D:7      | Identified the +0 ring mail of Sorcery {rElec rN+ Will-
                  | Regen+}
  5576 | D:7      | Noticed Maggie
  5588 | D:7      | Killed Maggie
  5750 | D:7      | Reached skill level 10 in Staves
  5886 | D:7      | Noticed Joseph
  5900 | D:7      | Killed Joseph
  6078 | D:7      | Found a shimmering altar of Xom.
  6078 | D:7      | Found a shadowy altar of Dithmenos.
  6129 | D:7      | Found a runed translucent door.
  6129 | D:7      | Noticed a sixfirhy
  6823 | D:8      | Reached **** piety under Cheibriados
  6960 | D:8      | Reached XP level 10. HP: 81/81 MP: 12/12
  6993 | D:8      | Reached skill level 5 in Invocations
  7008 | D:8      | Found a staircase to the Lair.
  7235 | D:8      | Found a broken altar of Ashenzari.
  7493 | D:8      | Reached ***** piety under Cheibriados
  7880 | Lair:1   | Entered Level 1 of the Lair of Beasts
  7885 | Lair:1   | Reached skill level 5 in Evocations
  7898 | Lair:1   | Noticed a death yak
  7899 | Lair:1   | Noticed a death yak
  7899 | Lair:1   | Noticed a death yak
  7899 | Lair:1   | Noticed a death yak
  7903 | Lair:1   | Noticed a death yak
  7905 | Lair:1   | Noticed a death yak
  7923 | Lair:1   | Noticed a cane toad
  7924 | Lair:1   | Killed a death yak
  7939 | Lair:1   | Killed a death yak
  7958 | Lair:1   | Killed a death yak
  7961 | Lair:1   | Killed a cane toad
  7964 | Lair:1   | Killed a death yak
  7965 | Lair:1   | Reached skill level 6 in Fighting
  7967 | Lair:1   | Killed a death yak
  7968 | Lair:1   | Reached XP level 11. HP: 40/89 MP: 10/14
  7971 | Lair:1   | Killed a death yak
  8244 | Lair:1   | Reached skill level 7 in Fighting
  9432 | Lair:2   | Noticed a harpy
  9433 | Lair:2   | Found a staircase to the Shoals.
  9433 | Lair:2   | Noticed a harpy
  9437 | Lair:2   | Killed a harpy
  9447 | Lair:2   | Killed a harpy
  9448 | Lair:2   | Reached skill level 8 in Fighting
  9591 | Lair:2   | Reached XP level 12. HP: 102/102 MP: 16/16
  9778 | Lair:2   | Identified the +7 hand axe "Vugaext" {venom, +Blink rElec}
 10695 | Lair:3   | Reached skill level 1 in Axes
 11095 | Lair:3   | Reached skill level 9 in Fighting
 11139 | Lair:3   | Found a hole to the Spider Nest.
 11168 | Lair:3   | Identified the +9 flail of Focus {venom, Str+2 Dex+3}
 11199 | Lair:3   | Noticed an eight-headed hydra
 11200 | Lair:3   | Found an ornate altar of the Wu Jian Council.
 11207 | Lair:3   | Killed an eight-headed hydra
 11430 | Lair:3   | Reached skill level 1 in Maces & Flails
 12245 | Lair:4   | Noticed Snorg
 12254 | Lair:4   | Killed Snorg
 12284 | Lair:4   | Reached ****** piety under Cheibriados
 12326 | Lair:4   | Identified the ring of Nohiufit {Fly Int+4 Dex+3}
 12997 | Lair:5   | Entered Level 5 of the Lair of Beasts
 13013 | Lair:5   | Noticed a death yak
 13013 | Lair:5   | Noticed a death yak
 13015 | Lair:5   | Noticed a seven-headed hydra
 13017 | Lair:5   | Noticed a death yak
 13025 | Lair:5   | Killed a death yak
 13036 | Lair:5   | Killed a death yak
 13037 | Lair:5   | Reached XP level 13. HP: 36/112 MP: 18/18
 13182 | Lair:5   | Reached skill level 10 in Fighting
 13328 | Lair:5   | Reached skill level 5 in Axes
 14056 | Lair:5   | Identified the +0 falchion of Fortitude {freeze, rF+}
 14107 | Lair:5   | Reached skill level 11 in Fighting
 14228 | Lair:5   | Reached skill level 10 in Armour
 14507 | Lair:5   | Found a viscous altar of Jiyva.
 14511 | Lair:5   | Found a staircase to the Slime Pits.
 14706 | Lair:5   | Reached skill level 5 in Maces & Flails
 15651 | D:9      | Found a transporter.
 15666 | D:9      | Found a transporter.
 15711 | D:9      | Reached skill level 10 in Dodging
 15782 | D:9      | Noticed Maurice
 15792 | D:9      | Killed Maurice
 15911 | D:9      | Found an opulent altar of Gozag.
 15936 | D:9      | Found a staircase to the Orcish Mines.
 16038 | D:9      | Noticed Pikel
 16047 | D:9      | Killed Pikel
 16121 | D:9      | Found a transporter.
 16162 | D:9      | Found Gozag's Platinum Reserve.
 16248 | D:9      | Found a transporter.
 16320 | D:10     | Entered Level 10 of the Dungeon
 16350 | D:10     | Found Hiloekon's Antique Weapon Shop.
 16387 | D:10     | Found a flagged portal.
 16396 | Bailey   | Entered a bailey
 16569 | Bailey   | Found a bloodstained altar of Trog.
 16699 | D:10     | Reached XP level 14. HP: 125/125 MP: 19/19
 17406 | D:11     | Noticed Harold
 17429 | D:11     | Killed Harold
 17430 | D:11     | Reached skill level 12 in Fighting
 17536 | D:11     | Noticed Amaemon
 17608 | D:11     | Killed Amaemon
 17901 | D:12     | Noticed Fannar
 17909 | D:12     | Killed Fannar
 17972 | D:12     | Noticed Sonja
 17985 | D:12     | Learned a level 2 spell: Ensorcelled Hibernation
 18521 | D:12     | Killed Sonja
 18887 | D:13     | Noticed Josephine
 18923 | D:13     | Killed Josephine
 18924 | D:13     | Reached skill level 1 in Ice Magic
 18938 | D:13     | Reached skill level 1 in Spellcasting
 18941 | D:13     | Reached skill level 1 in Hexes
 20244 | D:13     | Found a gate to the Vaults.
 20259 | D:13     | Reached skill level 13 in Fighting
 20692 | Spider:1 | Entered Level 1 of the Spider Nest
 20832 | Spider:1 | Reached XP level 15. HP: 9/135 MP: 16/21
 21655 | Spider:1 | Reached skill level 10 in Invocations
 22057 | Shoals:1 | Entered Level 1 of the Shoals
 22151 | Shoals:1 | Found a runed translucent gate.
 22151 | Shoals:1 | Found a runed translucent gate.
 22151 | Shoals:1 | Found a runed translucent gate.
 22151 | Shoals:1 | Noticed Wano's ghost (adept DrTm)
 24487 | Spider:2 | HP: 6/137 [poisoned by a wolf spider]
 25334 | Spider:2 | Reached skill level 14 in Fighting
 26092 | Spider:3 | Learned a level 6 spell: Iron Shot
 26419 | Spider:3 | Noticed Arachne
 26433 | Spider:3 | Killed Arachne
 26434 | Spider:3 | Reached skill level 10 in Evocations
 26856 | Spider:3 | Reached XP level 16. HP: 131/147 MP: 22/22
 26907 | Spider:3 | Found a hide-covered altar of Uskayaw.
 27529 | Spider:3 | Reached skill level 1 in Earth Magic
 27685 | Spider:3 | Reached skill level 1 in Conjurations
 27861 | Spider:3 | Noticed Aizul
 27875 | Spider:3 | Killed Aizul
 28647 | Spider:3 | Identified a scroll of acquirement
 28647 | Spider:3 | Acquired 817 gold pieces
 28678 | Spider:4 | Entered Level 4 of the Spider Nest
 30428 | Spider:4 | Reached skill level 15 in Fighting
 30881 | Spider:4 | HP: 4/149 [demonic crawler (11)]
 30881 | Spider:4 | Mangled by a demonic crawler

Illustrated notes

Levels and vault maps discovered:
D:1:      minmay_arrival_semitransparent, layout_rooms, solitary_fountain,
          minmay_tree_intersection
D:2:      minmay_angry_zag, layout_basic
D:3:      layout_rooms, shapermc_ecumenical_altar_mp_highgroup, uniq_terence
D:4:      layout_loops_cross, minmay_temple_entry_ruins, minmay_unequal,
          uniq_eustachio
D:5:      layout_basic, dk_yredelemnul_ordeal, overflow_temple_1_default,
          minmay_overflow_temple_star_quad, gammafunk_ghost_mausoleum,
          gup_sewer_entry_spiral, serial_park_tiny_2, nicolae_shop_clearance
D:6:      layout_basic, dk_noncrumbling_2, uniq_menkaure, uniq_sigmund
D:7:      cheibrodos_shockbox, layout_basic, gammafunk_temple_overflow_wave,
          due_unseen_surprise, uniq_maggie, uniq_joseph
D:8:      layout_layer_cave, cheibrodos_ashenzari_chains,
          erik_lair_orcish_takeover, minmay_manual_mail
D:9:      layout_cave_pools, nicolae_gozag_zags_fifth_avenue, erik_orc_4,
          nicolae_transporter_intersection, uniq_pikel, uniq_maurice
D:10:     layout_roguey [special_room_orc], serial_shops, shop, enter_bailey_5
D:11:     layout_long_grid, st_stairs_8, uniq_harold, uniq_amaemon
D:12:     layout_roguey, uniq_fannar, uniq_sonja
D:13:     layout_basic, grunt_vaults_entry_fortified, uniq_josephine
Temple:   nicolae_temple_god_jail
Lair:1:   layout_cave_pods, beast_lair_carwin_2
Lair:2:   layout_regular_city, nicolae_shoals_entry_roost
Lair:3:   layout_misc_corridors, spider_nest_entry_rubble,
          nicolae_quartered_pool_medium, lemuel_oklob_altar
Lair:4:   layout_loops_ring, uniq_snorg
Lair:5:   minmay_lair_end_enchanted_forest, layout_small_grid, slime_entry_1,
          infiniplex_staircase_pool
Shoals:1: layout_shoals, ebering_ghost_rock_garden
Spider:1: layout_spider_delve
Spider:2: layout_spider_delve
Spider:3: layout_chambers, drop_trap, nicolae_spider_altar_of_dancing,
          uniq_arachne, uniq_aizul
Spider:4: spider_rune_water

Skill      XL: |  1  2  3  4  5  6  7  8  9 10 11 12 13 14 15 16 |
---------------+-------------------------------------------------+-----
Staves         | 4 5 6 7 9 11 14 | 14.0
Fighting       | 3 4 5 6 8 9 11 13 14 15 | 15.1
Armour         | 1 2 3 4 5 7 9 10 11 12 | 12.3
Dodging        | 4 5 6 7 9 10 11 | 11.7
Throwing       | 3 4 5 |  5.0
Invocations    | 2 4 5 7 8 9 10 | 10.8
Evocations     | 2 4 5 6 7 8 9 10 | 10.4
Axes           | 4 6 7 8 9 |  9.5
Maces & Flails | 3 5 7 8 9 |  9.0
Ice Magic      | 1 3 |  3.8
Spellcasting   | 1 3 |  3.5
Hexes          | 1 2 3 |  3.3
Earth Magic    | 2 |  2.3
Conjurations   | 2 |  2.0

Action                     |  1- 3 |  4- 6 |  7- 9 | 10-12 | 13-15 | 16-18 || total
---------------------------+-------+-------+-------+-------+-------+-------++-------
  Melee: Quarterstaff      |    94 |   115 |   243 |   305 |       |       ||   757
         Headbutt          |     9 |    17 |    41 |   104 |   258 |    84 ||   513
         Flail             |       |       |       |    78 |   939 |   302 ||  1319
         Punch             |       |       |       |     2 |    13 |     6 ||    21
  Throw: Throwing net      |       |     2 |     2 |     7 |     1 |       ||    12
         Javelin           |       |       |       |    34 |    22 |       ||    56
         Dart              |       |       |       |     2 |    65 |       ||    67
         Boomerang         |       |       |       |       |   265 |   111 ||   376
   Cast: Ensorcelled Hiber |       |       |       |       |     6 |     3 ||     9
 Invoke: Slouch            |       |       |       |     2 |    14 |       ||    16
  Evoke: Wand              |       |       |       |     4 |     7 |     5 ||    16
    Use: Scroll            |     4 |     1 |     7 |     5 |    17 |     4 ||    38
         Potion            |       |       |     4 |     4 |     8 |     6 ||    22
   Stab: Distracted        |       |       |     2 |     5 |     2 |     1 ||    10
         Sleeping          |       |       |     2 |     6 |    12 |     2 ||    22
         Held in net/web   |       |       |       |     4 |     3 |       ||     7
 Armour: Leather armour    |    10 |       |       |       |       |       ||    10
         Chain mail        |    27 |    64 |   106 |       |       |       ||   197
         Steam dragon scal |       |       |     3 |    84 |   207 |    93 ||   387
  Dodge: Dodged            |    61 |    38 |   138 |   254 |  1299 |   392 ||  2182
  Block: Other             |       |    13 |    55 |    75 |   270 |    95 ||   508
         Reflection        |       |       |     6 |     1 |    15 |       ||    22
